 Dungeon Crawl Stone Soup version 0.31-a0-430-gf8416d752b (webtiles) character file.

Game seed: 16092534646319291299

104 Ethylacetat the Changeling (level 4, -1/23 HPs)
             Began as a Vine Stalker Shapeshifter on July 31, 2023.
             Succumbed to a scorpion's poison
             ... on level 4 of the Dungeon.
             The game lasted 00:02:27 (2134 turns).

Ethylacetat the Changeling (VSSh)                   Turns: 2134, Time: 00:02:27

Health: -1/23      AC:  2    Str: 23    XL:     4   Next: 80%
Magic:  5/5        EV: 12    Int:  8    God:
Gold:   119        SH:  0    Dex: 17    Spells: 3/3 levels left

rFire   . .          .
                       - Unarmed
rCold   . . .        (no shield)
rNeg    . . .        a - +0 animal skin
rPois   .            (helmet currently unavailable)
rElec   .            (cloak currently unavailable)
rCorr   .            (gloves currently unavailable)
SInv    .            (boots currently unavailable)
Will    .....        (no amulet)
Stlth   +            d - +6 ring of strength
HPRegen 1.03/turn    (no ring)
MPRegen 0.09/turn

%: guardian spirit
@: confused, lethally poisoned (-1 -> -5), beast-form, ambrosia-drunk
A: beast (slay +2), fangs 2, regeneration 1, magic shield, antimagic bite, no
potion heal 2
a: Begin Untransformation


You were on level 4 of the Dungeon.
You were a hulking beast.
You visited 1 branch of the dungeon, and saw 4 of its levels.

You collected 119 gold pieces.

Inventory:

Armour
 a - a +0 animal skin (worn)
Jewellery
 d - a +6 ring of strength (left hand)
Talismans
 c - a beast talisman (active)
Wands
 o - a wand of roots (5)
Scrolls
 e - 3 scrolls of identify {unknown}
 g - 3 scrolls of torment {unknown}
 j - a scroll of fog {unknown}
 l - 2 scrolls of fear {unknown}
 m - 3 scrolls of teleportation {unknown}
 n - a scroll of blinking {unknown}
Potions
 b - a potion of lignification
 f - a potion of ambrosia
 h - a potion of berserk rage {unknown}
 i - a potion of curing {unknown}
 k - a potion of heal wounds {unknown}
 p - a potion of invisibility {unknown}
 q - a potion of mutation {unknown}
 r - a potion of magic {unknown}


   Skills:
 + Level 2.0 Fighting
 - Level 2.0 Dodging
 + Level 3.7 Unarmed Combat
 * Level 3.7 Shapeshifting


You had 3 spell levels left.
You didn't know any spells.
Your spell library contained the following spells:

 Spells                   Type           Power      Damage    Failure   Level
 Lesser Beckoning         Tloc           0%         N/A       54%         2
 Gell's Gravitas          Tloc           0%         N/A       78%         3
 Teleport Other           Tloc           0%         N/A       78%         3


Dungeon Overview and Level Annotations

Branches:
Dungeon (4/15)
 Temple: D:4-7

Altars:

Shops:
D:1 ?   D:3 !


Innate Abilities, Weirdness & Mutations

You are a hulking beast.
Your limbs bulge with bestial killing power. (Slay +2)
You have extremely sharp teeth.
Your natural rate of healing is unusually fast.
When hurt, damage is shared between your health and your magic reserves.
Your bite disrupts and absorbs the magic of your enemies.
Potions cannot restore your health.


Message History

Found a stone staircase leading down.
No target in view!
No target in view!
No target in view!
A scorpion comes into view.
An orc, an iguana and a dart slug come into view.
The iguana hisses angrily.
You hit the iguana. You punch the iguana. You bite the iguana.
You drain its power.
The iguana is heavily wounded.
The orc shouts!
An adder comes into view.
The iguana bites you!
You closely miss the iguana.
The adder hisses angrily.
You bite the iguana. You drain its power.
You feel invigorated.
The iguana is almost dead.
The iguana bites you. The scorpion stings you!
* * * LOW HITPOINT WARNING * * *
You are too injured to fight recklessly!
Unknown command.
You hit the iguana but do no damage.
The iguana is almost dead.
The scorpion barely misses you. The iguana completely misses you.
You hit the iguana but do no damage. Your bite misses the iguana.
The iguana is almost dead.
The scorpion stings you.
* * * LOW HITPOINT WARNING * * *
You are lethally poisoned!
The scorpion poisons you! The iguana misses you.
It was a potion of ambrosia.
You are confused.
Your system rejects the healing.
You feel invigorated.
* * * LOW HITPOINT WARNING * * *
You feel very sick. The scorpion closely misses you.
The dart slug launches a dart at you. The slug dart misses you.
The iguana closely misses you.
Okay, then.
You die...

##...........#
#..#.........#
#.##......)..#
#.############
#.# ####+####.#
........#.#
........#.######.
....>..h.........
.....os.####.###.
......wl# ..
.....S..# .#
......... #
.........
..........
..........
.#######...


You could see a scorpion, an iguana, an adder, a dart slug and an orc.

Vanquished Creatures
  Terence (D:3)
  4 adders
  2 worms
  A dart slug (D:2)
  An orc (D:3)
  7 bats
  5 endoplasms
  A giant cockroach (D:1)
  2 goblins (D:3)
  A hobgoblin (D:1)
  3 ball pythons
  A frilled lizard (D:1)
  3 kobolds
  5 rats
37 creatures vanquished.

Notes
Turn   | Place    | Note
-------+----------+-------------------------------------------
     0 | D:1      | Ethylacetat the Vine Stalker Shapeshifter began the quest
                  | for the Orb.
     0 | D:1      | Reached XP level 1. HP: 9/9 MP: 2/2
     3 | D:1      | Noticed an electric eel
     4 | D:1      | Noticed an electric eel
   113 | D:1      | Reached skill level 1 in Fighting
   204 | D:1      | Found Yniasuw's Magic Scroll Shop.
   220 | D:1      | Reached XP level 2. HP: 13/14 MP: 3/3
   631 | D:2      | Reached XP level 3. HP: 18/18 MP: 4/4
  1621 | D:3      | Gained mutation: Your natural rate of healing is unusually
                  | fast. [Vine Stalker growth]
  1621 | D:3      | Reached XP level 4. HP: 21/23 MP: 5/5
  1793 | D:3      | Found Ogangokhi's Distillery.
  1869 | D:3      | Noticed Terence
  1878 | D:3      | Killed Terence
  2055 | D:4      | Noticed an ogre
  2126 | D:4      | Noticed a scorpion
  2133 | D:4      | HP: 1/23 [poisoned by a scorpion]
  2134 | D:4      | Succumbed to a scorpion's poison

Illustrated notes

Levels and vault maps discovered:
D:1:      arrival_aquarium_b, layout_rooms, serial_shops,
          nicolae_shop_tiny_real_fake_doors
D:2:      layout_loops_corners
D:3:      layout_basic, serial_shops, shop, uniq_terence
D:4:      layout_basic, gammafunk_ghost_icy, minmay_liquid_box, minivault_4,
          nicolae_elevator_lobby_asterisk

Skill      XL: |  1  2  3  4 |
---------------+-------------+-----
Fighting       | 1 2 |  2.0
Dodging        | 2 |  2.0
Unarmed Combat | |  3.7
Shapeshifting  | |  3.7

Action                     |  1- 3 |  4- 6 || total
---------------------------+-------+-------++-------
  Melee: Unarmed           |    72 |    18 ||    90
         Bite              |    14 |     7 ||    21
         Punch             |     2 |     1 ||     3
    Use: Potion            |       |     1 ||     1
   Stab: Sleeping          |     2 |     3 ||     5
 Armour: Animal skin       |     9 |       ||     9
  Dodge: Dodged            |    47 |    19 ||    66

Table legend: (Time is in decaauts)
 A = Elapsed time spent in this place.
 B = Non-inter-level travel time spent in this place.
 C = Inter-level travel time spent in this place.
 D = Time resting spent in this place.
 E = Time spent auto-exploring this place.
 F = Levels seen in this place.
 G = Mean time per level.
                   A        B        C        D        E       F      G
               +--------+--------+--------+--------+--------+-----+--------+
         Total |   2127 |   1993 |    134 |      0 |   1705 |   4 |  531.8 |
       Dungeon |   2127 |   1993 |    134 |      0 |   1705 |   4 |  531.8 |
               +--------+--------+--------+--------+--------+-----+--------+

Top non-repeatable levels by time:
     D:2: 922 daAuts
     D:3: 676 daAuts
     D:1: 495 daAuts
     D:4: 33 daAuts
